 Dungeon Crawl Stone Soup version 0.20.0-9-g8272e65 (webtiles) character file.

369 Raukatau the Archer (level 6, -14/48 HPs)
             Began as a Centaur Hunter on June 3, 2017.
             Killed from afar by a steam dragon (25 damage)
             ... with a ball of steam
             ... on level 4 of the Dungeon.
             The game lasted 00:28:04 (5073 turns).

Raukatau the Archer (Centaur Hunter)                Turns: 5073, Time: 00:28:07

Health: -14/48     AC:  4    Str: 14    XL:     6   Next: 41%
Magic:  6/6        EV:  9    Int: 10    God:
Gold:   190        SH:  0    Dex: 12    Spells: 5/5 levels left

rFire    . . .     SeeInvis .   a - +1 shortbow
rCold    . . .     Gourm    .   (shield currently unavailable)
rNeg     . . .     Faith    .   c - +0 leather armour
rPois    .         Spirit   .   (no helmet)
rElec    .         Reflect  .   (no cloak)
rCorr    .         Harm     .   (no gloves)
MR       .....                  (no barding)
Stlth    +.........             (no amulet)
Regen    0.2/turn               (no ring)
MPRegen  0.1/turn               (no ring)

@: very quick
A: hooves 3, deformed body, speed 2, tough skin 3
a: no special abilities


You were on level 4 of the Dungeon.
You were not hungry.

You visited 1 branch of the dungeon, and saw 4 of its levels.

You collected 190 gold pieces.

Inventory:

Hand Weapons
 a - a +1 shortbow (weapon)
 b - a +0 short sword
 g - a +4 quarterstaff of chaos
 y - a +2 spear of flaming
 D - a +2 dagger of speed
Missiles
 n - 3 tomahawks (quivered)
 t - 31 poisoned needles
 v - 2 throwing nets
Armour
 c - a +0 leather armour (worn)
 r - a +0 cloak
 z - a +1 cloak of poison resistance
Scrolls
 e - 2 scrolls of identify
 h - a scroll of enchant armour {unknown}
 j - a scroll of enchant weapon {unknown}
 k - a scroll of remove curse {unknown}
 o - a scroll of teleportation {unknown}
 s - a scroll of fog {unknown}
 C - a scroll of recharging {unknown}
Potions
 d - a potion of flight {unknown}
 l - 3 potions of curing
 m - 2 potions of mutation
 p - a potion of degeneration {unknown}
 w - a potion of might {unknown}
 x - a potion of heal wounds {unknown}
 A - 2 potions of invisibility {unknown}
Comestibles
 f - a bread ration
 i - 2 meat rations
 q - 6 fruits
 B - a chunk of flesh


   Skills:
 - Level 2.0 Fighting
 + Level 10.1 Bows
 - Level 1.3 Dodging
 - Level 0.4 Stealth


You had 5 spell levels left.
You didn't know any spells.

Dungeon Overview and Level Annotations

Branches:
Dungeon (4/15)
 Temple: D:4-7

Altars:
Ashenzari
Elyvilon
Fedhas
Gozag
Vehumet
Xom
Yredelemnul


Innate Abilities, Weirdness & Mutations

You have hooves in place of feet.
Armour fits poorly on your strangely shaped body.
You cover ground very quickly.
You have extremely tough skin. (AC +3)


Message History

The steam dragon breathes steam at you. The ball of steam misses you.
Throwing (i - inventory. (,) - cycle):
n - 5 tomahawks (quivered)
Press: ? - help, Shift-Dir - straight line, f/p - steam dragon
Aim: a steam dragon (almost dead, catching its breath)
You throw a tomahawk.
The tomahawk hits the steam dragon but does no damage.
The steam dragon is almost dead.
You are engulfed in a cloud of scalding steam.
* * * LOW HITPOINT WARNING * * *
Throwing (i - inventory. (,) - cycle):
n - 4 tomahawks (quivered)
Press: ? - help, Shift-Dir - straight line, f/p - steam dragon
Aim: a steam dragon (almost dead)
You throw a tomahawk.
The tomahawk hits the steam dragon but does no damage.
The steam dragon is almost dead.
The steam dragon breathes steam at you. The ball of steam hits you!
Ouch! That really hurt!
You die...

...# ###### ...# #####
#....# ...####...# #....#
.....##.#.# #....#
...#......###....#
..<##..).........#####
#...#.###.#####......#
###.#.# #.# #..###....
###.#.###.# #.@######..
.##[...##.#####.§........
)#..##.##.......§###.##..
...###.##..####.D##
....##.##..# ##..#
..#.##.##..# ##§#
..#........### #(#
#.####.##>....# #(#
#.........# #..##(# ## #


There were no monsters in sight!

Vanquished Creatures
  4 orc wizards
  2 orc priests (D:3)
  Crazy Yiuf (D:2)
  An iguana (D:4)
  3 adders
  3 gnolls (D:3)
  A worm (D:3)
  4 leopard geckos
  19 orcs
  5 giant cockroaches
  6 goblins
  6 hobgoblins
  4 kobolds
  6 bats
  3 frilled lizards
  12 rats
  A spectral orc (D:3)
81 creatures vanquished.

Notes
Turn   | Place    | Note
-------+----------+-------------------------------------------
     0 | D:1      | Raukatau the Centaur Hunter began the quest for the Orb.
     0 | D:1      | Reached XP level 1. HP: 17/17 MP: 1/1
   181 | D:1      | Reached XP level 2. HP: 24/24 MP: 2/2
   188 | D:1      | Reached skill level 6 in Bows
   918 | D:2      | Reached XP level 3. HP: 29/29 MP: 3/3
   960 | D:2      | Found a white marble altar of Elyvilon.
  1326 | D:2      | Found a shattered altar of Ashenzari.
  1373 | D:2      | Reached skill level 7 in Bows
  1564 | D:2      | Found a runed door.
  1670 | D:2      | Noticed Crazy Yiuf
  1739 | D:2      | Killed Crazy Yiuf
  1739 | D:2      | Reached XP level 4. HP: 36/36 MP: 4/4
  1912 | D:3      | Found an opulent altar of Gozag.
  2006 | D:3      | Found a radiant altar of Vehumet.
  2417 | D:3      | Reached skill level 8 in Bows
  2598 | D:3      | Found a shimmering altar of Xom.
  2622 | D:3      | Found a basalt altar of Yredelemnul.
  2672 | D:3      | Reached XP level 5. HP: 41/41 MP: 5/5
  2688 | D:3      | Reached skill level 9 in Bows
  3342 | D:3      | Reached XP level 6. HP: 36/48 MP: 6/6
  3626 | D:4      | Noticed an orc warrior
  4554 | D:4      | Found a blossoming altar of Fedhas.
  4673 | D:4      | Reached skill level 10 in Bows
  5046 | D:4      | Noticed a steam dragon
  5073 | D:4      | Killed from afar by a steam dragon

Skill      XL: |  1  2  3  4  5  6 |
---------------+-------------------+-----
Bows           | 6 7 8 9 10 | 10.1
Fighting       | |  2.0
Dodging        | |  1.3
Stealth        | |  0.4

Action                   |  1- 3 |  4- 6 || total
-------------------------+-------+-------++-------
Melee: Short sword       |    68 |    89 ||   157
       Kick              |    14 |    25 ||    39
       Shortbow          |       |     1 ||     1
 Fire: Shortbow          |    56 |   120 ||   176
Throw: Tomahawk          |       |    42 ||    42
  Use: Scroll            |     1 |     1 ||     2
       Potion            |       |     1 ||     1
  Eat: Chunk             |     1 |     8 ||     9
       Fruit             |       |     1 ||     1
Armor: Leather armour    |    26 |    38 ||    64
Dodge: Dodged            |    28 |    56 ||    84
